General information
			
			
        
        - name: Local Game (NADMaN)
 
        - type: Custom game
 
        - host: NADMaN
 
        - saver: NADMaN
 
        
map: GardenOfWar 
        - players: 7
 
        - length: 58:14
 
        - speed: Fast
 - version: 1.22 W3XP
 - replay type:  Public
 
» download(654 KB)
Players
        team 1 (loser) 
              
              
NADMaN (
pink | 203 APM | 11850 actions | 58:14)
              
 6 Demon Hunter 
 3 Mana Burn
 2 Evasion
 1 Metamorphosis
 7 Priestess of the Moon 
 3 Trueshot Aura
 1 Scout
 2 Searing Arrows
 1 Starfall
 7 Keeper of the Grove 
 3 Entangling Roots
 3 Force of Nature
 1 Tranquility
 
                » actions 
                
                | Assign group hotkey | 34 |  | 
| Basic commands | 548 |  | 
| Build / train | 195 |  | 
| ESC pressed | 7 |  | 
| Enter build submenu | 48 |  | 
| Enter hero's abilities submenu | 20 |  | 
| Give item / drop item | 11 |  | 
| Right click | 4628 |  | 
| Select / deselect | 1872 |  | 
| Select group hotkey | 4204 |  | 
| Use ability | 283 |  | 
                11850 total
 » units 
                
                | Wisp | 53 |  | 
| Archer | 23 |  | 
| Dryad | 4 |  | 
| Druid of the Talon | 7 |  | 
| Mountain Giant | 5 |  | 
                92 total
 » upgrades
                
                | Improved Bows | 1 |  | 
| Strength of the Moon | 3 |  | 
| Moon Armor | 3 |  | 
| Marksmanship | 1 |  | 
| Druid of the Claw Training | 3 |  | 
| Abolish Magic | 1 |  | 
| Strength of the Wild | 3 |  | 
| Druid of the Talon Training | 1 |  | 
| Hardened Skin | 1 |  | 
| Resistant Skin | 1 |  | 
| Reinforced Hides | 3 |  | 
| Well Spring | 1 |  | 
| Ultravision | 1 |  | 
| Backpack | 1 |  | 
| Nature's Blessing | 1 |  | 
                25 total
 » buildings
                
                | Altar of Elders | 1 |  | 
| Moon Well | 7 |  | 
| Ancient of War | 8 |  | 
| Tree of Ages | 2 |  | 
| Hunter's Hall | 1 |  | 
| Tree of Eternity | 2 |  | 
| Tree of Life | 11 |  | 
| Ancient of Wind | 3 |  | 
| Ancient of Lore | 3 |  | 
| Ancient of Wonders | 4 |  | 
                42 total
 » build order
                00:04 Altar of Elders
00:17 Moon Well
00:34 Ancient of War
01:30 Moon Well
02:00 Moon Well
02:32 Moon Well
04:08 Ancient of War
04:55 Tree of Ages
04:55 Tree of Ages
05:26 Moon Well
06:35 Hunter's Hall
09:02 Tree of Eternity
09:02 Tree of Eternity
10:48 Moon Well
12:56 Tree of Life
17:20 Ancient of Wind
17:21 Ancient of Lore
18:07 Ancient of Wind
19:51 Tree of Life
21:41 Tree of Life
22:33 Ancient of Wonders
23:00 Tree of Life
27:00 Moon Well
27:20 Tree of Life
29:37 Tree of Life
31:02 Ancient of War
32:32 Ancient of War
39:04 Ancient of War
39:05 Ancient of War
39:20 Ancient of War
39:21 Ancient of War
39:23 Ancient of Wind
39:32 Ancient of Lore
39:39 Ancient of Lore
39:44 Tree of Life
41:10 Ancient of Wonders
44:43 Tree of Life
47:35 Tree of Life
50:28 Tree of Life
56:31 Ancient of Wonders
56:59 Tree of Life
57:05 Ancient of Wonders
» items
                
                | Scroll of Town Portal | 15 |  | 
| Scroll of Healing | 8 |  | 
| Potion of Lesser Invulnerability | 1 |  | 
| Scroll of Protection | 1 |  | 
| Periapt of Vitality | 8 |  | 
| Circlet of Nobility | 5 |  | 
| Boots of Speed | 1 |  | 
| Staff of Teleportation | 1 |  | 
| Orb of Venom | 1 |  | 
| Staff of Preservation | 1 |  | 
                42 total
  
               team 2 (winner) 
              
              
NOMORELEFT (
brown | 22 APM | 1265 actions | 58:14)
              
 2 Demon Hunter 
 1 Mana Burn
 1 Evasion
 1 Warden 
 1 Shadow Strike
 
                » actions 
                
                | Assign group hotkey | 13 |  | 
| Build / train | 41 |  | 
| Enter build submenu | 15 |  | 
| Enter hero's abilities submenu | 3 |  | 
| Remove unit from queue | 2 |  | 
| Right click | 606 |  | 
| Select / deselect | 492 |  | 
| Select group hotkey | 36 |  | 
| Use ability | 57 |  | 
                1265 total
 » units 
                
                | Wisp | 14 |  | 
| Archer | 10 |  | 
| Forest Troll Shadow Priest | 1 |  | 
| Forest Troll Berserker | 1 |  | 
| Ogre Mauler | 2 |  | 
| Glaive Thrower | 1 |  | 
| Huntress | 2 |  | 
                31 total
 » upgrades
                » buildings
                
                | Altar of Elders | 2 |  | 
| Moon Well | 3 |  | 
| Ancient of War | 1 |  | 
| Hunter's Hall | 1 |  | 
| Ancient Protector | 3 |  | 
| Tree of Ages | 3 |  | 
| Tree of Life | 3 |  | 
                16 total
 » build order
                00:15 Altar of Elders
00:18 Moon Well
00:32 Ancient of War
01:29 Moon Well
02:39 Moon Well
03:41 Hunter's Hall
05:00 Ancient Protector
05:05 Ancient Protector
05:10 Ancient Protector
06:51 Tree of Ages
06:51 Tree of Ages
06:51 Tree of Ages
12:21 Tree of Life
12:55 Tree of Life
14:41 Altar of Elders
18:31 Tree of Life
 
               team 3 (loser) 
              
              
Mata. (
green | 128 APM | 7441 actions | 58:14)
              
 7 Warden 
 3 Shadow Strike
 2 Fan of Knives
 2 Blink
 4 Keeper of the Grove 
 2 Entangling Roots
 2 Force of Nature
 
                » actions 
                
                | Assign group hotkey | 731 |  | 
| Basic commands | 13 |  | 
| Build / train | 129 |  | 
| Enter build submenu | 90 |  | 
| Enter hero's abilities submenu | 11 |  | 
| Give item / drop item | 4 |  | 
| Remove unit from queue | 15 |  | 
| Right click | 3840 |  | 
| Select / deselect | 1585 |  | 
| Select group hotkey | 695 |  | 
| Use ability | 316 |  | 
                7441 total
 » units 
                
                | Wisp | 47 |  | 
| Archer | 7 |  | 
| Glaive Thrower | 2 |  | 
| Dryad | 1 |  | 
| Ogre Mauler | 2 |  | 
                59 total
 » upgrades
                
                | Strength of the Moon | 2 |  | 
| Vorpal Blades | 1 |  | 
| Improved Bows | 1 |  | 
| Abolish Magic | 0 |  | 
| Druid of the Claw Training | 1 |  | 
| Hardened Skin | 1 |  | 
| Reinforced Hides | 1 |  | 
| Nature's Blessing | 1 |  | 
| Well Spring | 1 |  | 
                9 total
 » buildings
                
                | Altar of Elders | 7 |  | 
| Moon Well | 13 |  | 
| Ancient of War | 2 |  | 
| Tree of Ages | 2 |  | 
| Hunter's Hall | 2 |  | 
| Ancient of Wonders | 2 |  | 
| Ancient of Lore | 2 |  | 
| Tree of Eternity | 2 |  | 
| Tree of Life | 9 |  | 
| Ancient of Wind | 3 |  | 
                44 total
 » build order
                00:12 Altar of Elders
00:21 Moon Well
00:50 Ancient of War
01:40 Moon Well
03:04 Ancient of War
03:21 Tree of Ages
04:10 Hunter's Hall
04:36 Moon Well
05:09 Ancient of Wonders
05:20 Moon Well
06:55 Ancient of Lore
07:42 Moon Well
07:59 Moon Well
11:16 Tree of Eternity
12:02 Moon Well
12:06 Moon Well
12:09 Tree of Life
12:53 Ancient of Wind
13:40 Ancient of Wind
14:57 Moon Well
15:28 Altar of Elders
15:48 Ancient of Lore
16:14 Altar of Elders
16:27 Moon Well
19:21 Tree of Life
19:40 Altar of Elders
19:52 Altar of Elders
20:42 Tree of Life
20:54 Altar of Elders
20:56 Moon Well
21:28 Tree of Life
27:05 Moon Well
29:04 Tree of Life
31:50 Tree of Life
40:01 Tree of Life
41:06 Tree of Life
47:50 Altar of Elders
48:26 Moon Well
51:50 Tree of Ages
54:07 Ancient of Wonders
54:12 Tree of Eternity
54:28 Ancient of Wind
55:11 Hunter's Hall
55:57 Tree of Life
» items
                
                | Potion of Healing | 2 |  | 
| Orb of Venom | 1 |  | 
| Scroll of Town Portal | 5 |  | 
| Staff of Teleportation | 2 |  | 
| Boots of Speed | 2 |  | 
| Potion of Lesser Invulnerability | 2 |  | 
| Tome of Retraining | 1 |  | 
| Staff of Preservation | 1 |  | 
                16 total
  
               team 4 (loser) 
              
              
iggy_the_fisk (
teal | 126 APM | 7368 actions | 58:14)
              
 7 Warden 
 3 Shadow Strike
 2 Blink
 1 Spirit of Vengeance
 1 Fan of Knives
 6 Keeper of the Grove 
 3 Entangling Roots
 2 Force of Nature
 1 Tranquility
 
                » actions 
                
                | Assign group hotkey | 196 |  | 
| Basic commands | 19 |  | 
| Build / train | 181 |  | 
| Enter build submenu | 87 |  | 
| Enter hero's abilities submenu | 13 |  | 
| Give item / drop item | 5 |  | 
| Right click | 4026 |  | 
| Select / deselect | 1019 |  | 
| Select group hotkey | 1356 |  | 
| Use ability | 465 |  | 
                7368 total
 » units 
                
                | Wisp | 76 |  | 
| Archer | 4 |  | 
| Forest Troll Shadow Priest | 1 |  | 
| Druid of the Claw | 5 |  | 
| Dryad | 19 |  | 
| Mountain Giant | 6 |  | 
                111 total
 » upgrades
                
                | Nature's Blessing | 1 |  | 
| Ultravision | 1 |  | 
| Well Spring | 1 |  | 
| Strength of the Wild | 3 |  | 
| Reinforced Hides | 4 |  | 
| Druid of the Claw Training | 2 |  | 
| Abolish Magic | 1 |  | 
| Mark of the Claw | 1 |  | 
| Hardened Skin | 3 |  | 
| Strength of the Moon | 2 |  | 
| Moon Armor | 2 |  | 
                21 total
 » buildings
                
                | Altar of Elders | 1 |  | 
| Moon Well | 52 |  | 
| Ancient of War | 2 |  | 
| Tree of Ages | 2 |  | 
| Ancient of Wonders | 4 |  | 
| Tree of Eternity | 2 |  | 
| Hunter's Hall | 1 |  | 
| Tree of Life | 15 |  | 
| Ancient of Lore | 2 |  | 
                81 total
 » build order
                00:05 Altar of Elders
00:17 Moon Well
00:43 Ancient of War
01:27 Moon Well
02:20 Moon Well
03:23 Tree of Ages
03:49 Moon Well
04:22 Ancient of Wonders
05:13 Ancient of War
05:25 Moon Well
05:52 Tree of Eternity
05:57 Hunter's Hall
06:31 Moon Well
06:32 Moon Well
07:06 Tree of Life
08:12 Moon Well
08:31 Moon Well
08:53 Ancient of Lore
09:48 Ancient of Lore
10:08 Moon Well
12:25 Moon Well
12:26 Moon Well
13:58 Tree of Life
14:33 Moon Well
15:21 Moon Well
16:25 Moon Well
16:28 Ancient of Wonders
17:22 Tree of Life
18:25 Moon Well
18:26 Moon Well
18:27 Moon Well
19:29 Moon Well
20:17 Ancient of Wonders
21:41 Tree of Life
21:45 Tree of Life
22:16 Tree of Life
22:47 Moon Well
22:48 Moon Well
23:59 Moon Well
24:00 Moon Well
24:55 Moon Well
24:56 Moon Well
25:56 Tree of Life
27:43 Moon Well
27:46 Tree of Life
28:18 Moon Well
28:27 Moon Well
28:39 Moon Well
29:22 Moon Well
29:42 Moon Well
30:01 Moon Well
30:10 Moon Well
30:17 Moon Well
31:28 Tree of Life
31:38 Moon Well
33:01 Moon Well
34:17 Moon Well
35:34 Moon Well
36:56 Moon Well
39:21 Moon Well
40:19 Tree of Life
40:26 Tree of Life
40:29 Tree of Life
44:11 Tree of Life
44:25 Tree of Life
45:55 Tree of Life
47:53 Ancient of Wonders
49:29 Moon Well
49:31 Moon Well
49:36 Moon Well
49:37 Moon Well
50:14 Tree of Ages
53:30 Moon Well
53:40 Tree of Eternity
54:30 Moon Well
54:36 Moon Well
55:25 Moon Well
55:28 Moon Well
55:32 Moon Well
58:00 Moon Well
58:02 Moon Well
» items
                
                | Circlet of Nobility | 1 |  | 
| Staff of Preservation | 2 |  | 
| Scroll of Town Portal | 16 |  | 
| Orb of Venom | 3 |  | 
| Anti-magic Potion | 1 |  | 
| Potion of Healing | 5 |  | 
                28 total
  
               team 5 (loser) 
              
              
BEAR_AND (
gray | 124 APM | 7213 actions | 58:14)
              
 6 Priestess of the Moon 
 3 Searing Arrows
 2 Trueshot Aura
 1 Starfall
 6 Keeper of the Grove 
 3 Entangling Roots
 2 Thorns Aura
 1 Tranquility
 
                » actions 
                
                | Assign group hotkey | 31 |  | 
| Basic commands | 57 |  | 
| Build / train | 114 |  | 
| Enter build submenu | 41 |  | 
| Enter hero's abilities submenu | 14 |  | 
| Give item / drop item | 2 |  | 
| Remove unit from queue | 8 |  | 
| Right click | 3802 |  | 
| Select / deselect | 841 |  | 
| Select group hotkey | 2165 |  | 
| Use ability | 138 |  | 
                7213 total
 » units 
                
                | Wisp | 32 |  | 
| Huntress | 3 |  | 
| Chimaera | 5 |  | 
| Archer | 7 |  | 
| Hippogryph | 11 |  | 
| Druid of the Talon | 1 |  | 
                59 total
 » upgrades
                
                | Ultravision | 1 |  | 
| Strength of the Wild | 3 |  | 
| Well Spring | 1 |  | 
| Corrosive Breath | 1 |  | 
| Reinforced Hides | 3 |  | 
| Hippogryph Taming | 1 |  | 
| Nature's Blessing | 1 |  | 
| Strength of the Moon | 2 |  | 
| Moon Armor | 2 |  | 
                15 total
 » buildings
                
                | Altar of Elders | 1 |  | 
| Moon Well | 9 |  | 
| Hunter's Hall | 1 |  | 
| Ancient of War | 3 |  | 
| Ancient Protector | 7 |  | 
| Tree of Ages | 2 |  | 
| Tree of Eternity | 1 |  | 
| Ancient of Wind | 4 |  | 
| Ancient of Wonders | 2 |  | 
| Chimaera Roost | 2 |  | 
| Tree of Life | 4 |  | 
                36 total
 » build order
                00:09 Altar of Elders
00:18 Moon Well
01:23 Moon Well
01:54 Hunter's Hall
02:01 Ancient of War
03:02 Ancient Protector
03:06 Ancient Protector
03:09 Ancient Protector
03:53 Tree of Ages
03:53 Tree of Ages
05:02 Moon Well
05:27 Moon Well
05:30 Moon Well
06:34 Tree of Eternity
06:50 Ancient of Wind
08:42 Ancient of Wonders
09:00 Chimaera Roost
09:01 Chimaera Roost
09:59 Moon Well
14:36 Moon Well
15:57 Ancient Protector
16:25 Ancient Protector
16:25 Ancient Protector
16:26 Ancient Protector
16:37 Tree of Life
18:25 Ancient of Wind
18:26 Ancient of War
18:28 Ancient of Wind
19:52 Ancient of War
19:56 Ancient of Wind
21:25 Tree of Life
22:25 Moon Well
22:26 Moon Well
25:58 Tree of Life
29:40 Tree of Life
31:19 Ancient of Wonders
» items
                
                | Staff of Preservation | 2 |  | 
| Dust of Appearance | 1 |  | 
| Orb of Venom | 1 |  | 
| Scroll of Town Portal | 5 |  | 
| Scroll of Healing | 1 |  | 
| Boots of Speed | 1 |  | 
                11 total
  
               team 6 (loser) 
              
              
Rezifut (
blue | 51 APM | 1864 actions | 36:44)
              
 4 Demon Hunter 
 2 Mana Burn
 2 Evasion
 
                » actions 
                
                | Assign group hotkey | 140 |  | 
| Build / train | 69 |  | 
| ESC pressed | 1 |  | 
| Enter build submenu | 41 |  | 
| Enter hero's abilities submenu | 4 |  | 
| Give item / drop item | 2 |  | 
| Remove unit from queue | 5 |  | 
| Right click | 1060 |  | 
| Select / deselect | 321 |  | 
| Select group hotkey | 115 |  | 
| Use ability | 106 |  | 
                1864 total
 » units 
                
                | Wisp | 21 |  | 
| Archer | 11 |  | 
| Druid of the Claw | 4 |  | 
                36 total
 » upgrades
                
                | Strength of the Moon | 3 |  | 
| Moon Armor | 2 |  | 
| Improved Bows | 1 |  | 
| Nature's Blessing | 1 |  | 
| Marksmanship | 1 |  | 
| Druid of the Claw Training | 2 |  | 
| Backpack | 1 |  | 
| Mark of the Claw | 1 |  | 
| Strength of the Wild | 1 |  | 
| Reinforced Hides | 1 |  | 
| Ultravision | 1 |  | 
| Well Spring | 1 |  | 
                16 total
 » buildings
                
                | Altar of Elders | 3 |  | 
| Moon Well | 9 |  | 
| Ancient of War | 5 |  | 
| Tree of Ages | 1 |  | 
| Hunter's Hall | 1 |  | 
| Tree of Eternity | 1 |  | 
| Ancient of Wonders | 1 |  | 
| Ancient of Lore | 2 |  | 
| Tree of Life | 1 |  | 
                24 total
 » build order
                00:06 Altar of Elders
00:17 Moon Well
00:32 Ancient of War
02:18 Moon Well
02:40 Tree of Ages
03:14 Hunter's Hall
03:30 Moon Well
05:01 Moon Well
05:37 Tree of Eternity
07:22 Tree of Eternity
07:49 Moon Well
08:32 Ancient of Wonders
08:38 Ancient of Lore
11:18 Moon Well
11:20 Moon Well
11:23 Moon Well
12:46 Ancient of Lore
13:34 Moon Well
16:31 Tree of Life
19:18 Altar of Elders
21:29 Ancient of War
22:10 Ancient of War
22:18 Ancient of War
22:34 Altar of Elders
23:19 Ancient of War
» items
                
                | Boots of Speed | 1 |  | 
| Orb of Venom | 1 |  | 
| Potion of Healing | 1 |  | 
| Staff of Preservation | 1 |  | 
                4 total
  
               team 7 (loser) 
              
              
timg4strok (
purple | 43 APM | 2512 actions | 58:14)
              
 2 Demon Hunter 
 1 Mana Burn
 1 Evasion
 
                » actions 
                
                | Assign group hotkey | 27 |  | 
| Basic commands | 45 |  | 
| Build / train | 40 |  | 
| ESC pressed | 3 |  | 
| Enter build submenu | 22 |  | 
| Enter hero's abilities submenu | 2 |  | 
| Give item / drop item | 1 |  | 
| Right click | 1570 |  | 
| Select / deselect | 302 |  | 
| Select group hotkey | 434 |  | 
| Use ability | 66 |  | 
                2512 total
 » units 
                
                | Wisp | 13 |  | 
| Archer | 14 |  | 
| Druid of the Talon | 4 |  | 
                31 total
 » upgrades
                
                | Improved Bows | 1 |  | 
| Nature's Blessing | 1 |  | 
                2 total
 » buildings
                
                | Altar of Elders | 5 |  | 
| Moon Well | 6 |  | 
| Ancient of War | 3 |  | 
| Tree of Ages | 1 |  | 
| Ancient of Wonders | 1 |  | 
| Ancient of Wind | 2 |  | 
| Tree of Life | 1 |  | 
                19 total
 » build order
                00:09 Altar of Elders
00:19 Moon Well
00:26 Ancient of War
01:41 Ancient of War
02:07 Moon Well
03:46 Tree of Ages
03:49 Moon Well
04:04 Ancient of Wonders
05:16 Moon Well
06:13 Ancient of War
06:34 Ancient of Wind
06:34 Ancient of Wind
08:15 Moon Well
09:59 Altar of Elders
12:41 Tree of Life
12:57 Altar of Elders
14:00 Moon Well
14:55 Altar of Elders
15:27 Altar of Elders
» items
                
                | Scroll of Town Portal | 1 |  | 
| Moonstone | 1 |  | 
| Potion of Healing | 1 |  | 
                3 total
  
                Chat log
          
(09:32 / All) Rezifut: TOWA
(11:28 / All) NOMORELEFT: G_G
(11:30 / All) Mata.: gg
(11:38 / All) Mata.: shouldnta gotten them aps
(25:08 / All) Rezifut: lol
(26:21 / All) Rezifut: kill my wells
(26:27 / All) Rezifut: if you dare
(34:15 / All) NADMaN: peace
(58:13 / All) NADMaN: gg